 Dungeon Crawl Stone Soup version 0.20.1-1-g8b1a95d66d (webtiles) character file.

697 Ulbabrab the Cudgeler (level 7, -6/100 HPs)
             Began as a Hill Orc Berserker on Dec 17, 2017.
             Was a Believer of Trog.
             Mangled by an ogre
             ... wielding a +0 giant club
              (29 damage)
             ... on level 5 of the Dungeon.
             The game lasted 00:10:19 (3231 turns).

Ulbabrab the Cudgeler (Hill Orc Berserker)          Turns: 3231, Time: 00:10:19

Health: -6/100     AC: 11    Str: 26    XL:     7   Next: 65%
Magic:  7/7        EV: 10    Int:  7    God:    Trog [**....]
Gold:   176        SH:  0    Dex: 11    Spells: 6/6 levels left

rFire    + . .     SeeInvis +   a - +0 mace
rCold    . . .     Gourm    .   (no shield)
rNeg     . . .     Faith    .   f - +0 chain mail
rPois    .         Spirit   .   k - +2 hat
rElec    .         Reflect  .   (no cloak)
rCorr    .         Harm     .   (no gloves)
MR       ++...     Clarity  +   (no boots)
Stlth    ..........             (no amulet)
Regen    1.3/turn               i - ring of see invisible
MPRegen  0.1/turn               (no ring)

@: berserking, lethally poisoned (-6 -> -6), regenerating, very quick
A: claws 1, clarity, fire resistance 1, robust 1
a: Berserk, Trog's Hand, Burn Spellbooks, Renounce Religion


You were on level 5 of the Dungeon.
You worshipped Trog.
Trog was pleased with you.
You were near starving.

You visited 1 branch of the dungeon, and saw 5 of its levels.

You collected 176 gold pieces.

Inventory:

Hand Weapons
 a - a +0 mace (weapon)
 p - a +0 scythe of holy wrath
Missiles
 B - 20 bolts
Armour
 b - a +0 animal skin
 f - a +0 chain mail (worn)
 k - a +2 hat (worn)
 F - the cursed +1 robe "Ziheamuh" {Str+4, unknown}
   (You found it on level 5 of the Dungeon)

   It affects your strength (+4).
   It has a curse placed upon it.
Jewellery
 i - a ring of see invisible (left claw)
 q - an uncursed ring of poison resistance {unknown}
 x - an uncursed ring of poison resistance {unknown}
 y - an uncursed ring of flight
Wands
 u - a wand of flame (23/48)
Scrolls
 d - a scroll of random uselessness {unknown}
 e - a scroll of teleportation {unknown}
 j - 4 scrolls of remove curse
 m - 2 scrolls of enchant armour {unknown}
 n - a scroll of amnesia {unknown}
 r - 3 scrolls of identify
 s - a scroll of immolation {unknown}
 E - a scroll of enchant weapon {unknown}
Potions
 g - a potion of mutation
 h - a potion of agility {unknown}
 l - 2 potions of curing {unknown}
 o - a potion of flight {unknown}
 t - 2 potions of brilliance {unknown}
 w - a potion of berserk rage {unknown}
 z - a potion of heal wounds {unknown}
Books
 C - a book of Flames

   Spells                             Type                      Level
   a - Flame Tongue                   Conjuration/Fire             1
   b - Throw Flame                    Conjuration/Fire             2
   c - Conjure Flame                  Conjuration/Fire             3
   d - Inner Flame                    Hexes/Fire                   3
   e - Sticky Flame                   Conjuration/Fire             4
   f - Fireball                       Conjuration/Fire             5
   Trog disapproves of the use of such an item.
Comestibles
 c - 2 bread rations
 v - 2 meat rations
 A - a royal jelly


   Skills:
 + Level 5.4 Fighting
 * Level 6.5 Maces & Flails
 + Level 4.7 Armour
 + Level 3.3 Dodging


You had 6 spell levels left.
You didn't know any spells.

Dungeon Overview and Level Annotations

Branches:
Dungeon (5/15)
 Temple: D:4-7

Altars:
Uskayaw


Innate Abilities, Weirdness & Mutations

You have sharp fingernails.
You possess an exceptional clarity of mind.
Your flesh is heat resistant. (rF+)
You are robust. (+10% HP)


Message History

* * * LOW HITPOINT WARNING * * *
You hit the scorpion.
You kill the scorpion!
Trog accepts your kill.
Your skin crawls.
You feel resistant to hostile enchantments.
You are feeling hungry.
You feel sick.
It was a potion of mutation.
You feel extremely strange.
Your thoughts seem clearer.
You feel robust.
Your fingernails lengthen.
You feel resistant to heat.
You feel sick.
A red film seems to cover your vision as you go berserk!
You feel yourself moving faster!
You feel mighty!
You are near starving!
The ogre closely misses you.
You bludgeon the ogre!!
The ogre is severely wounded.
The ogre hits you with a giant club!!
You die...

#..≈###≈.≈###≈.≈###≈.≈
#..≈≈≈≈≈.≈≈≈≈≈.≈≈≈≈≈.≈
#.....................
#..≈≈≈≈≈.≈≈≈≈≈.≈≈≈≈≈.≈
..≈###≈.≈###≈.≈###≈.≈#
..≈ #≈.≈# #≈.≈# .≈# ..
#≈.≈###≈.≈###≈.≈#
≈≈≈.≈≈≈≈≈.≈≈≈≈≈.≈≈
...........@O..%...
≈≈≈≈.≈≈≈≈≈.≈≈≈≈≈.≈≈
≈.≈###≈.≈###≈.≈# ≈.≈
#≈.≈# ≈.≈# ≈. #≈.≈#
.≈# ≈≈.≈≈ ...(..
........


You could see an ogre.

Vanquished Creatures
  Sigmund (D:2)
  3 scorpions
  A howler monkey (D:4)
  A crimson imp (D:5)
  2 hounds
  Terence (D:2)
  An iguana (D:4)
  Natasha (thrice) (D:2 D:4)
  A worker ant (D:4)
  3 adders
  2 oozes
  An adder skeleton (D:4)
  2 worms
  3 dart slugs
  2 leopard geckos
  5 orcs (D:3)
  6 bats
  4 giant cockroaches
  5 goblins
  8 hobgoblins
  4 quokkas
  2 ball pythons
  A jackal skeleton (D:4)
  8 kobolds
  8 rats
78 creatures vanquished.

Notes
Turn   | Place    | Note
-------+----------+-------------------------------------------
     0 | D:1      | Ulbabrab the Hill Orc Berserker began the quest for the Orb.
     0 | D:1      | Reached XP level 1. HP: 19/19 MP: 1/1
   368 | D:1      | Reached XP level 2. HP: 23/27 MP: 2/2
   752 | D:2      | Reached XP level 3. HP: 33/33 MP: 3/3
   779 | D:2      | Noticed Sigmund
   790 | D:2      | Killed Sigmund
   790 | D:2      | Reached skill level 4 in Maces & Flails
   790 | D:2      | Reached XP level 4. HP: 41/41 MP: 4/4
   790 | D:2      | Reached XP level 5. HP: 47/47 MP: 5/5
   884 | D:2      | Noticed Natasha
   895 | D:2      | Killed Natasha
   897 | D:2      | Reached ** piety under Trog
   942 | D:2      | Noticed Terence
   954 | D:2      | Killed Terence
   954 | D:2      | Reached skill level 5 in Maces & Flails
   954 | D:2      | Reached XP level 6. HP: 33/53 MP: 6/6
  2086 | D:4      | Found a hide-covered altar of Uskayaw.
  2100 | D:4      | Noticed Natasha
  2118 | D:4      | Killed Natasha
  2118 | D:4      | Reached skill level 5 in Fighting
  2512 | D:4      | Noticed Natasha
  2515 | D:4      | Killed Natasha
  2536 | D:4      | Reached XP level 7. HP: 48/61 MP: 7/7
  3017 | D:4      | Reached skill level 6 in Maces & Flails
  3035 | D:5      | Entered Level 5 of the Dungeon
  3085 | D:5      | Got an ancient robe
  3228 | D:5      | Gained mutation: You possess an exceptional clarity of mind. [potion of mutation]
  3228 | D:5      | Gained mutation: You are robust. (+10% HP) [potion of mutation]
  3228 | D:5      | Gained mutation: You have sharp fingernails. [potion of mutation]
  3228 | D:5      | Gained mutation: Your flesh is heat resistant. (rF+) [potion of mutation]
  3231 | D:5      | Mangled by an ogre

Skill      XL: |  1  2  3  4  5  6  7 |
---------------+----------------------+-----
Fighting       | 4 5 |  5.4
Maces & Flails | 4 5 6 |  6.5
Armour         | 3 4 |  4.7
Dodging        | 2 3 |  3.3

Action                   |  1- 3 |  4- 6 |  7- 9 || total
-------------------------+-------+-------+-------++-------
Melee: Mace              |    70 |   173 |   111 ||   354
Invok: Berserk           |     1 |     1 |     2 ||     4
       Trog's Hand       |       |       |     1 ||     1
  Use: Scroll            |       |     3 |       ||     3
       Potion            |       |       |     1 ||     1
  Eat: Chunk             |       |     7 |     3 ||    10
Armor: Chain mail        |    43 |   110 |    52 ||   205
       Animal skin       |     2 |       |       ||     2
Dodge: Dodged            |    44 |    83 |    62 ||   189
